 Dungeon Crawl Stone Soup version 0.21-a0-618-g6cbd37f (webtiles) character file.

598 M4edhros the Sneak (level 7, 0/43 HPs)
             Began as an Octopode Artificer on Dec 23, 2017.
             Succumbed to a worker ant's poison
             ... on level 5 of the Dungeon.
             The game lasted 00:10:22 (2031 turns).

M4edhros the Sneak (Octopode Artificer)             Turns: 2031, Time: 00:10:23

Health: 0/43       AC:  1    Str: 13    XL:     7   Next: 40%
Magic:  10/10      EV: 15    Int: 14    God:
Gold:   184        SH:  0    Dex: 16    Spells: 7/10 levels left

rFire    . . .     SeeInvis .   w - +2 quarterstaff (crush)
rCold    . . .     Gourm    .   (shield currently unavailable)
rNeg     . . .     Faith    .   (helmet restricted)
rPois    .         Spirit   .   (no amulet)
rElec    .         Reflect  .   n - ring of flight
rCorr    +         Harm     .   q - ring of resist corrosion
MR       .....                  (no ring)
Stlth    ++++......             (no ring)
HPRegen  0.14/turn              (no ring)
MPRegen  0.12/turn              (no ring)
                                (no ring)
                                (no ring)

@: lethally poisoned (0 -> -5), flying
A: almost no armour, stealthy swim, amphibious, 8 rings, constrict 8, antennae
1, camouflage 1, agile 1, strong 1, gelatinous body 1
a: no special abilities


You were on level 5 of the Dungeon.
You were hungry.

You visited 1 branch of the dungeon, and saw 5 of its levels.

You collected 184 gold pieces.

Inventory:

Hand Weapons
 h - a +2 short sword of draining
 s - a +2 mace of draining
 w - a +2 quarterstaff of crushing (weapon)
Jewellery
 k - an uncursed amulet of faith
 n - a ring of flight (left tentacle)
 q - a ring of resist corrosion (right tentacle)
Wands
 b - a wand of flame (26)
 c - a wand of enslavement (8)
 d - a wand of random effects (11)
 o - a wand of iceblast (10)
Scrolls
 a - 5 scrolls of identify {unknown}
 e - 2 scrolls of enchant armour {unknown}
 j - 4 scrolls of teleportation {unknown}
 l - a scroll of amnesia {unknown}
 p - 2 scrolls of remove curse
 r - a scroll of enchant weapon {unknown}
 v - a scroll of magic mapping {unknown}
Potions
 g - a potion of cancellation
 t - a potion of magic
Books
 i - a book of Minor Magic

   Spells                             Type                      Level
   a - Magic Dart                     Conjuration                  1
   b - Blink                          Translocation                2
   c - Call Imp                       Summoning                    2
   d - Slow                           Hexes                        2
   e - Conjure Flame                  Conjuration/Fire             3
   f - Mephitic Cloud                 Conjuration/Poison/Air       3
Comestibles
 f - 9 rations
 x - 4 chunks of flesh


   Skills:
 + Level 1.0 Fighting
 - Level 1.0 Short Blades
 + Level 4.0 Dodging
 + Level 5.2 Stealth
 + Level 2.0 Spellcasting
 + Level 0.1 Conjurations
 + Level 2.2 Air Magic
 + Level 2.6 Poison Magic
 + Level 5.2 Evocations


You had 7 spell levels left.
You knew the following spells:

 Your Spells              Type           Power        Failure   Level  Hunger
a - Mephitic Cloud        Conj/Pois/Air  #.......     34%         3    ####...


Dungeon Overview and Level Annotations

Branches:
Dungeon (5/15)
 Temple: D:4-7

Altars:
Nemelex Xobeh
Vehumet
The Shining One


Innate Abilities, Weirdness & Mutations

You cannot wear most types of armour.
You are very stealthy in the water. (Stealth+)
You are amphibious.
You can wear up to eight rings at the same time.
You can use your tentacles to constrict eight enemies at once.
Your skin changes colour to match your surroundings (Stealth+).
Your rubbery body absorbs attacks. (AC +1, EV +1)
You have a pair of small antennae on your head.
You are agile. (Dex +2)
Your muscles are strong. (Str +2)


Message History

You feel sick.
It was a potion of mutation.
You feel extremely strange.
You feel agile. A pair of antennae grows on your head!
You feel stronger.
* * * LOW HITPOINT WARNING * * *
You feel sick.
* * * LOW HITPOINT WARNING * * *
You feel sick.
* * * LOW HITPOINT WARNING * * *
You feel sick.
* * * LOW HITPOINT WARNING * * *
You feel sick.
* * * LOW HITPOINT WARNING * * *
You feel sick.
You see here a scroll labeled IHUMEO OVALU.
a - 5 scrolls labeled IHUMEO OVALU (gained 1)
* * * LOW HITPOINT WARNING * * *
You feel sick.
You see here 10 gold pieces.
You now have 184 gold pieces (gained 10).
You die...

#..#.#.###.#
##..#.#.# #.#
########.......#
#.#..
#...........####
#.#..
#..#..8..#......
#.#..
#..##..[##.....#
#.#.###
#..###### ...#.#
#.#.#..
#..##...##..##.#
#.#.#.#
#..#..8@.#..#
###.#.#.#
#...........#
#.......#
###..########
#.#.#.###
#..†......
#...#.#
##########
#####.# ..# ###


There were no monsters in sight!

Vanquished Creatures
  An orc warrior (D:5)
  2 scorpions
  An orc priest (D:4)
  2 iguanas
  An orc wizard (D:4)
  A bullfrog skeleton (D:3)
  4 worker ants
  A hound skeleton (D:5)
  Robin (D:4)
  3 gnolls (D:2)
  4 adders
  An adder skeleton (D:5)
  2 worms
  A dart slug (D:1)
  3 leopard geckos
  9 orcs
  3 giant cockroaches
  15 goblins
  5 hobgoblins
  3 jackals (D:4)
  3 kobolds
  A quokka (D:4)
  A ball python (D:3)
  6 bats
  3 frilled lizards
  A leopard gecko skeleton (D:4)
  A leopard gecko zombie (D:5)
  A quokka skeleton (D:4)
  3 rats (D:2)
83 creatures vanquished.

Vanquished Creatures (collateral kills)
  A centaur (D:5)
  An orc priest (D:5)
  3 orcs
5 creatures vanquished.

Grand Total: 88 creatures vanquished

Notes
Turn   | Place    | Note
-------+----------+-------------------------------------------
     0 | D:1      | M4edhros the Octopode Artificer began the quest for the Orb.
     0 | D:1      | Reached XP level 1. HP: 13/13 MP: 3/3
   227 | D:2      | Reached XP level 2. HP: 15/18 MP: 4/4
   290 | D:2      | Found a glowing golden altar of the Shining One.
   503 | D:2      | Reached XP level 3. HP: 12/23 MP: 5/5
   519 | D:2      | Reached XP level 4. HP: 16/28 MP: 5/7
   708 | D:3      | Learned a level 3 spell: Mephitic Cloud
   798 | D:4      | Reached XP level 5. HP: 16/33 MP: 8/8
   857 | D:4      | Reached skill level 1 in Spellcasting
   876 | D:4      | Reached skill level 1 in Poison Magic
   941 | D:4      | Noticed Robin
  1030 | D:4      | Killed Robin
  1030 | D:4      | Reached skill level 1 in Air Magic
  1116 | D:4      | Reached XP level 6. HP: 23/38 MP: 9/9
  1429 | D:4      | HP: 1/38 [orc priest/divine providence (13)]
  1474 | D:5      | Entered Level 5 of the Dungeon
  1474 | D:5      | Found a radiant altar of Vehumet.
  1574 | D:5      | Found a sparkling altar of Nemelex Xobeh.
  1588 | D:5      | Reached skill level 5 in Evocations
  1637 | D:5      | Reached XP level 7. HP: 19/43 MP: 10/10
  1714 | D:5      | Killed an orc warrior
  1714 | D:5      | Reached skill level 5 in Stealth
  2023 | D:5      | Gained mutation: You are agile. (Dex +2) [potion of mutation]
  2023 | D:5      | Gained mutation: You have a pair of small antennae on your head. [potion of mutation]
  2023 | D:5      | Gained mutation: Your muscles are strong. (Str +2) [potion of mutation]
  2026 | D:5      | HP: 2/43 [poisoned by a worker ant]
  2031 | D:5      | Succumbed to a worker ant's poison

Vault maps used:
D:1:      dpeg_arrival_prison, grunt_decor_cap, hangedman_decor_clover_reticule,
          kennysheep_another_room, hangedman_decor_points, serial_bayou_pond_c
D:2:      nicolae_tso_swordbearing_angel, lemuel_statue_altar
D:3:      first_ration, makhleb_blood_cavern_becter
D:4:      kennysheep_goblin_castle, minmay_crystal_water, minmay_unequal,
          uniq_robin, uniq_sigmund
D:5:      grunt_temple_overflow_bloody_war, vehumet_crystals,
          old_standard_altar, mrwooster_statue_mirror, kennysheep_potato

Skill      XL: |  1  2  3  4  5  6  7 |
---------------+----------------------+-----
Stealth        | 2 3 4 5 |  5.2
Evocations     | 4 5 |  5.2
Dodging        | 3 4 |  4.0
Spellcasting   | 1 2 |  2.0
Poison Magic   | 1 2 |  2.6
Air Magic      | 1 2 |  2.2
Fighting       | |  1.0
Short Blades   | |  1.0
Conjurations   | |  0.1

Action                   |  1- 3 |  4- 6 |  7- 9 || total
-------------------------+-------+-------+-------++-------
Melee: Short sword       |    36 |    94 |     3 ||   133
       Constrict         |     7 |    26 |     7 ||    40
       Tentacles         |     4 |    11 |     6 ||    21
       Quarterstaff      |       |       |    24 ||    24
Evoke: Wand              |     5 |     6 |     4 ||    15
  Use: Scroll            |       |     1 |       ||     1
       Potion            |       |     3 |     4 ||     7
 Stab: Sleeping          |     3 |     8 |       ||    11
  Eat: Chunk             |       |     2 |     1 ||     3
Armor: Skin              |     1 |     6 |       ||     7
Dodge: Dodged            |    23 |    62 |    21 ||   106

Table legend:
 A = Spawn XP
 B = Non-spawn XP
 C = Spawn XP percentage of total XP
 D = Spawn monster count
 E = Non-spawn monster count
 F = Spawn count percentage of total count
 G = Total turns spent on level
                    A         B        C        D         E        F      G
               +---------+---------+-------+---------+---------+-------+---------
         Total |       0 |     855 |   0.0 |       0 |      88 |   0.0 |  2031
               +---------+---------+-------+---------+---------+-------+---------
           D:1 |       0 |      12 |   0.0 |       0 |       6 |   0.0 |   306
           D:2 |       0 |      79 |   0.0 |       0 |      18 |   0.0 |   232
           D:3 |       0 |      40 |   0.0 |       0 |       3 |   0.0 |   171
           D:4 |       0 |     379 |   0.0 |       0 |      42 |   0.0 |   765
           D:5 |       0 |     345 |   0.0 |       0 |      19 |   0.0 |   557
               +---------+---------+-------+---------+---------+-------+---------
